 Dungeon Sprint DCSS version 0.29-a0-289-g2178c42546 (webtiles) character file.

Game seed: 7854113114775438903

1043 Turgor the Geomancer (level 8, -3/43 HPs)
             Began as a Gargoyle Earth Elementalist on Mar 17, 2022.
             Slain by a boulder beetle (27 damage)
             ... in the Dungeon (Sprint II: "The Violet Keep of Menkaure").
             The game lasted 00:07:53 (575 turns).

Turgor the Geomancer (Gargoyle Earth Elementalist)   Turns: 575, Time: 00:07:54

Health: -3/43      AC:  7    Str: 13    XL:     8   Next: 25%
Magic:  15/18      EV: 12    Int: 17    God:
Gold:   729        SH:  0    Dex: 10    Spells: 11/21 levels left

rFire   . . .      SeeInvis .     - Unarmed
rCold   . . .      Faith    .   (no shield)
rNeg    + . .      Spirit   .   b - +0 robe
rPois   ∞          Reflect  .   (no helmet)
rElec   +          Harm     .   (no cloak)
rCorr   .          Rampage  .   (no gloves)
Will    .....      NoTele   +   (no boots)
Stlth   +++.......              (no amulet)
HPRegen 0.14/turn               (no ring)
MPRegen 0.16/turn               (no ring)

@: no status effects
A: sickness immunity, AC +5, negative energy resistance 1, electricity
resistance, torment resistance 1, petrification resistance, clever 1, frail 1,
weak 1
a: no special abilities


You were in the Dungeon.
You visited 1 branch You collected 729 gold pieces.

Inventory:

Missiles
 a - 16 stones
Armour
 b - a +0 robe (worn)
Potions
 c - a potion of magic


   Skills:
 + Level 4.7 Fighting
 - Level 4.0 Dodging
 - Level 6.0 Stealth
 - Level 2.8 Unarmed Combat
 + Level 7.0 Spellcasting
 * Level 6.9 Conjurations
 * Level 4.5 Transmutations
 * Level 13.2 Earth Magic


You had 11 spell levels left.
You knew the following spells:

 Your Spells              Type           Power      Damage    Failure   Level
a - Sandblast             Erth           100%       2d20      1%          1
b - Stone Arrow           Conj/Erth      80%        3d12      1%          3
c - Petrify               Tmut/Erth      36%        N/A       3%          4
d - Passwall              Tmut/Erth      30%        N/A       1%          2

Your spell library contained the following spells:

 Spells                   Type           Power      Damage    Failure   Level


Dungeon Overview and Level Annotations

Branches:
Dungeon (1/1)

Altars:

Shops:
D =:[:[!!((?[([=!

Annotations:
D exclusions: obsidian statue and oklob plant, Menkaure


Innate Abilities, Weirdness & Mutations

You are immune to sickness and miasma.
Your stone body is resilient. (AC +5)
You are immune to poison.
You resist negative energy. (rN+)
You are resistant to electric shocks. (rElec)
You are resistant to unholy torment.
You are immune to petrification.
Your mind is acute. (Int +2)
You are frail. (-10% HP)
You are weak. (Str -2)


Message History

Confirm with . or Enter, or press ? or * to list all spells.
Aiming: Stone Arrow (safe; 1% risk of failure)
Press: ? - help, Shift-Dir - straight line, f - neqoxec
Aim: a neqoxec (lightly wounded, 67% to hit)
The stone arrow hits the neqoxec!!
The neqoxec is severely wounded.
The neqoxec hits you. The boulder beetle bites you.
Casting: Stone Arrow (safe; 1% risk of failure)
Confirm with . or Enter, or press ? or * to list all spells.
Aiming: Stone Arrow (safe; 1% risk of failure)
Press: ? - help, Shift-Dir - straight line, f/p - neqoxec
Aim: a neqoxec (severely wounded, 67% to hit)
The stone arrow misses the neqoxec.
The boulder beetle closely misses you.
The neqoxec hits you but does no damage.
Unknown command.
Casting: Stone Arrow (safe; 1% risk of failure)
Confirm with . or Enter, or press ? or * to list all spells.
Aiming: Stone Arrow (safe; 1% risk of failure)
Press: ? - help, Shift-Dir - straight line, f/p - neqoxec
Aim: a neqoxec (severely wounded, 67% to hit)
The stone arrow hits the neqoxec!
You kill the neqoxec!
The boulder beetle misses you.
Your Spellcasting skill increases to level 7!
You hit the boulder beetle but do no damage.
You feel better. The boulder beetle bites you!
The boulder beetle closely misses you. Magic courses through your body.
The boulder beetle bites you but does no damage.
The boulder beetle closely misses you.
Casting: Stone Arrow (safe; 1% risk of failure)
Confirm with . or Enter, or press ? or * to list all spells.
Aiming: Stone Arrow (safe; 1% risk of failure)
Press: ? - help, Shift-Dir - straight line, f - boulder beetle
Aim: a boulder beetle (100% to hit)
The stone arrow hits the boulder beetle.
The boulder beetle is lightly wounded.
The boulder beetle bites you!!
Ouch! That really hurt!
You die...

#..°○. ≈##°°○.
############≈≈#''°#
###########≈≈≈..°.○
##.∩.∩....#≈≈≈≈M##+##
##..∩.∩...#≈≈≈≈##...##
##...∩.∩..#≈≈≈≈#..##.#
##....∩.⌠.#≈≈######°## #
##...∩.@B.#≈##.###°## .#
##..∩.∩.B.#≈#.#.##°##..$
##.∩.∩....'≈'###'.<.B#
##∩.∩.....#≈#.#.##.##...
#▓▓▓▓▓▓▓###≈##.###'## .#
##shs######≈≈####...## #
#$?h# ##≈≈≈#..#..# #∩P=+
+#≈##.#.## #?(. ≈≈##+##


You could see 2 boulder beetles, an oklob plant, 2 polar bears and 2 redbacks.

Vanquished Creatures
  2 wyverns (D)
  4 neqoxecs (D)
  4 necrophages (D)
10 creatures vanquished.

Vanquished Creatures (others)
  A water moccasin (D)
1 creature vanquished.

Grand Total: 11 creatures vanquished

Notes
Turn   | Place    | Note
-------+----------+-------------------------------------------
     0 | D        | Turgor the Gargoyle Earth Elementalist began the quest for
                  | the Orb.
     0 | D        | Reached XP level 1. HP: 10/10 MP: 3/3
     1 | D        | Noticed a boulder beetle
     1 | D        | Noticed a boulder beetle
     5 | D        | Noticed a necrophage
     5 | D        | Noticed a necrophage
     5 | D        | Noticed a necrophage
     5 | D        | Noticed a necrophage
    13 | D        | Killed a necrophage
    14 | D        | Reached skill level 7 in Earth Magic
    14 | D        | Reached XP level 2. HP: 14/15 MP: 0/6
    14 | D        | Reached XP level 3. HP: 17/19 MP: 0/8
    14 | D        | Reached XP level 4. HP: 23/24 MP: 0/9
    23 | D        | Killed a necrophage
    24 | D        | Reached skill level 1 in Unarmed Combat
    24 | D        | Reached skill level 1 in Transmutations
    24 | D        | Reached skill level 9 in Earth Magic
    24 | D        | Reached XP level 5. HP: 18/28 MP: 1/11
    26 | D        | Reached skill level 5 in Spellcasting
    26 | D        | Reached skill level 10 in Earth Magic
    40 | D        | Reached XP level 6. HP: 15/32 MP: 10/14
    78 | D        | Killed a water moccasin
    79 | D        | Learned a level 3 spell: Stone Arrow
   216 | D        | Noticed a wyvern
   216 | D        | Noticed a wyvern
   220 | D        | Killed a wyvern
   221 | D        | Reached skill level 11 in Earth Magic
   227 | D        | Learned a level 4 spell: Petrify
   230 | D        | Learned a level 2 spell: Passwall
   269 | D        | Killed a wyvern
   270 | D        | Reached skill level 12 in Earth Magic
   270 | D        | Reached XP level 7. HP: 41/41 MP: 9/16
   318 | D        | Noticed a neqoxec
   322 | D        | Gained mutation: You are weak. (Str -2) [a neqoxec]
   324 | D        | Killed a neqoxec
   325 | D        | Reached skill level 5 in Conjurations
   412 | D        | Noticed a neqoxec
   413 | D        | Gained mutation: Your mind is acute. (Int +2) [a neqoxec]
   415 | D        | Killed a neqoxec
   415 | D        | Noticed a neqoxec
   419 | D        | Killed a neqoxec
   420 | D        | Reached skill level 13 in Earth Magic
   420 | D        | Reached XP level 8. HP: 48/48 MP: 6/18
   498 | D        | Noticed an obsidian statue
   562 | D        | Found Onamukk's Antique Armour Emporium.
   562 | D        | Found Viogerph's Jewellery Emporium.
   562 | D        | Found Muowoll's Magic Scroll Shoppe.
   562 | D        | Found Yruogg's Antique Armour Shoppe.
   562 | D        | Found Ivoarus's Distillery.
   562 | D        | Found Xuamaoxa's Antique Weapon Emporium.
   562 | D        | Found Istithry's Antique Weapon Emporium.
   562 | D        | Found Bunesm's Antique Weapon Shoppe.
   563 | D        | Found Savugh's Distillery.
   563 | D        | Found Qedy's Distillery.
   563 | D        | Found Latrec's Antique Armour Shoppe.
   563 | D        | Noticed a polar bear
   564 | D        | Found Inoutit's Book Shoppe.
   564 | D        | Found Qeapnylo's Antique Armour Emporium.
   564 | D        | Noticed Menkaure
   564 | D        | Noticed a polar bear
   564 | D        | Noticed an oklob plant
   565 | D        | Found Asoloa's Jewellery Shoppe.
   565 | D        | Found Ikke's Book Shoppe.
   568 | D        | Gained mutation: You are frail. (-10% HP) [a neqoxec]
   575 | D        | Slain by a boulder beetle

Illustrated notes

Levels and vault maps discovered:
D:        the_violet_keep_of_menkaure [sprint2_stairs_cluster_1,
          sprint2_shoproom, sprint2_temple, sprint2_basic_supplies,
          sprint2_obstacle_1, sprint2_obstacle_7, sprint2_obstacle_3,
          sprint2_obstacle_4, sprint2_obstacle_6, sprint2_timed_cluster_1,
          sprint2_smallroom_cluster_1, sprint2_smallroom_final_cluster_1,
          sprint2_transparent_cluster_1, sprint2_second_timed_cluster_1,
          sprint2_sniper_area_1, sprint2_heavy_combat_area_1,
          sprint2_mutation_trap_area_1, sprint2_forest_area_1,
          sprint2_light_combat_area_1, sprint2_behind_water_1,
          sprint2_near_end_vault_1]

Skill      XL: |  1  2  3  4  5  6  7  8 |
---------------+-------------------------+-----
Dodging        | 2 3 4 |  4.0
Stealth        | 3 4 6 |  6.0
Spellcasting   | 3 4 5 6 7 |  7.0
Earth Magic    | 7 9 10 12 13 | 13.2
Unarmed Combat | 1 2 |  2.8
Transmutations | 1 2 4 |  4.5
Fighting       | 3 4 |  4.7
Conjurations   | 4 6 |  6.9

Action                   |  1- 3 |  4- 6 |  7- 9 || total
-------------------------+-------+-------+-------++-------
Melee: Unarmed           |     4 |    18 |    10 ||    32
 Cast: Sandblast         |     3 |     7 |     4 ||    14
       Stone Arrow       |       |     3 |    11 ||    14
       Petrify           |       |       |     3 ||     3
  Use: Potion            |     1 |     3 |     2 ||     6
       Scroll            |       |       |     1 ||     1
 Stab: Petrified         |       |       |     8 ||     8
Armor: Robe              |     1 |     3 |     5 ||     9
Dodge: Dodged            |     3 |     7 |    10 ||    20

Table legend: (Time is in decaauts)
 A = Elapsed time spent in this place.
 B = Non-inter-level travel time spent in this place.
 C = Inter-level travel time spent in this place.
 D = Time resting spent in this place.
 E = Time spent auto-exploring this place.
 F = Levels seen in this place.
 G = Mean time per level.
                   A        B        C        D        E       F      G
               +--------+--------+--------+--------+--------+-----+--------+
         Total |    561 |    561 |      0 |    403 |      0 |   1 |  561.0 |
       Dungeon |    561 |    561 |      0 |    403 |      0 |   1 |  561.0 |
               +--------+--------+--------+--------+--------+-----+--------+

Top non-repeatable levels by time:
       D: 561 daAuts
